 Dungeon Crawl Stone Soup version 0.26.1-11-gd32895ea62 (webtiles) character file.

Game seed: 17718673843986392062

4689 Brohito the Destroyer (level 10, -8/76 HPs)
             Began as a Demonspawn Fire Elementalist on May 25, 2021.
             Was a Believer of Qazlal.
             Mangled by Grum
             ... wielding a +1 halberd
              (17 damage)
             ... on level 8 of the Dungeon on June 14, 2021.
             The game lasted 01:15:50 (14377 turns).

Brohito the Destroyer (DsFE)                       Turns: 14377, Time: 01:15:51

Health: -8/76      AC: 10    Str:  5 (8)  XL:     10   Next: 21%
Magic:  0/20       EV: 11    Int: 19 (21) God:    Qazlal [**....]
Gold:   278        SH:  2    Dex: 12 (13) Spells: 12/23 levels left

rFire    + . .     SeeInvis .   I - +2 rapier (elec)
rCold    x . .     Faith    .   (no shield)
rNeg     . . .     Spirit   +   x - +1 leather armour
rPois    .         Reflect  .   (helmet restricted)
rElec    .         Harm     .   (no cloak)
rCorr    .         Rampage  .   (no gloves)
Will     .....                  (no boots)
Stlth    +.........             u - amulet of inaccuracy (curse)
HPRegen  0.22/turn              o - ring of fire
MPRegen  0.17/turn              (no ring)

@: mighty, sanguine armour, very slightly contaminated, invisible
A: antennae 2, foul stench 1, magic shield, miasma immunity, sanguine armour 1
a: Renounce Religion, Upheaval


You were on level 8 of the Dungeon.
You worshipped Qazlal.
Qazlal was pleased with you.
You visited 2 branches of the dungeon, and saw 9 of its levels.
You also visited: Sewer.

You collected 377 gold pieces.
You spent 99 gold pieces at shops.

Inventory:

Hand Weapons
 a - a +2 dagger of venom
 j - a +2 spectral club
 m - a +2 short sword of venom
 s - a +1 mace of draining
 w - a +1 spear of flaming
 A - a +3 dagger of electrocution
 E - the +2 hunting sling "Postij" {venom, rN+, unknown}
   (You found it on level 5 of the Dungeon)

   It poisons the ammo it fires.
   It protects you from negative energy.
 I - a +2 rapier of electrocution (weapon)
 J - a +1 falchion of electrocution
Missiles
 h - 15 boomerangs
 y - 5 javelins
Armour
 x - a +1 leather armour (worn)
 P - a +0 hat
Jewellery
 o - a ring of fire (left hand)
 u - a cursed amulet of inaccuracy (around neck)
 L - an uncursed ring of ice {unknown}
Wands
 N - a wand of iceblast (12) (quivered)
 O - a wand of disintegration (8)
Scrolls
 e - 4 scrolls of blinking {unknown}
 g - 2 scrolls of enchant armour
 l - 3 scrolls of remove curse
 n - 3 scrolls of fear
 r - 2 scrolls of teleportation
 t - 5 scrolls of amnesia
 C - a scroll of fog {unknown}
 F - a scroll of magic mapping {unknown}
 G - a scroll of enchant weapon {unknown}
 H - a scroll of noise {unknown}
 K - a scroll of immolation {unknown}
 M - a scroll of identify
 Q - a scroll of brand weapon {unknown}
Potions
 b - 2 potions of mutation {unknown}
 c - 3 potions of haste {unknown}
 d - 2 potions of lignification
 f - a potion of curing
 i - 4 potions of degeneration
 k - a potion of berserk rage {unknown}
 p - 2 potions of invisibility
 q - 6 potions of brilliance
 v - 5 potions of attraction
 z - 2 potions of might
 B - 3 potions of flight
 D - 3 potions of heal wounds {unknown}


   Skills:
 * Level 6.0 Fighting
 * Level 2.3 Short Blades
 + Level 3.8 Armour
 - Level 1.7 Dodging
 - Level 1.7 Stealth
 + Level 7.2 Spellcasting
 * Level 8.0 Conjurations
 * Level 6.3 Fire Magic


You had 12 spell levels left.
You knew the following spells:

 Your Spells              Type           Power        Failure   Level
a - Foxfire               Conj/Fire      100%         1%          1
b - Conjure Flame         Conj/Fire      50%          2%          3
c - Inner Flame           Hex/Fire       28%          13%         3
d - Sticky Flame          Conj/Fire      50%          9%          4

Your spell library contained the following spells:

 Spells                   Type           Power        Failure   Level
 Fireball                 Conj/Fire      25%          22%         5


Dungeon Overview and Level Annotations

Branches:
Dungeon (8/15)             Temple (1/1) D:4            Lair (0/6) D:8
  Sewer (visited)

Altars:
Cheibriados
Dithmenos
Elyvilon
Gozag
Nemelex Xobeh
Qazlal
Ru
Sif Muna
Uskayaw
Wu Jian
Yredelemnul
Zin
The Shining One

Shops:
D:6 !   D:7 [

Annotations:
D:5 3 runed translucent doors, TheDeanity's ghost, novice TrFi
D:8 Grum; Maggie


Innate Abilities, Weirdness & Mutations

You have a pair of antennae on your head.
You may emit foul miasma when damaged in melee.
When hurt, damage is shared between your health and your magic reserves.
You are immune to miasma.
When seriously injured, your bleeding wounds create armour. (AC +6)


Message History

* * * LOW HITPOINT WARNING * * *
Deactivating autopickup; reactivate with Ctrl-A.
The orc warrior misses you.
You are very lightly contaminated with residual magic.
You feel very mighty all of a sudden.
You hear some strange, mumbled words.
A magic dart appears from out of thin air!
The magic dart hits you but does no damage.
Unknown command.
You feel mightier all of a sudden.
The orc warrior is engulfed in blazing flames.
You kill the orc warrior!
Qazlal accepts your kill.
Grum hits you from afar with a +1 halberd!
* * * LOW HITPOINT WARNING * * *
Something hits you but does no damage.
Your Conjurations skill increases to level 8!
You feel better.
Grum hits you from afar with a +1 halberd!
You die...

##...##............
##.............#.... #########
#................#.. ...#.....
#.........)...###### #.......
##.............# #.......
g.).)..........####### #.......
####....#......#.....#####.......
# ####.#<......)○☼....#..........
###...........g{@.......##.......
.. .###........°.......###.......
# #......)..)......# ##...... #
#.......>........# ##..... .#
#................# ###### .#
#................# .#
#..(.............## ..
...##.....##.....## .# ####
##############


You could see Grum.

Vanquished Creatures
  A two-headed ogre (D:5)
  Pikel (D:8)
  Sigmund (D:3)
  3 yaks (D:7)
  Eustachio (D:6)
  3 ice beasts
  2 sky beasts
  An orc warrior (D:8)
  2 black bears
  2 centaurs
  3 ogres
  3 wolves (D:8)
  A big kobold (Sewer)
  Blork the orc (D:6)
  3 bullfrogs
  A scorpion (D:4)
  A howler monkey (D:6)
  A centaur skeleton (D:4)
  3 orc priests
  5 hounds
  3 jellies
  5 orc wizards
  Jessica (D:3)
  2 iguanas
  6 worker ants
  A hound zombie (D:6)
  A howler monkey zombie (D:5)
  14 adders
  7 gnolls
  A river rat (Sewer)
  A shadow imp (D:7)
  An ufetubus (D:7)
  An ooze (Sewer)
  An adder zombie (D:6)
  6 worms
  7 leopard geckos
  17 orcs
  7 giant cockroaches
  14 goblins
  11 hobgoblins
  3 quokkas
  7 ball pythons
  7 bats
  6 frilled lizards
  14 kobolds
  A quokka skeleton (D:6)
  12 rats
  4 foxfires
200 creatures vanquished.

Vanquished Creatures (others)
  706 foxfires
706 creatures vanquished.

Grand Total: 906 creatures vanquished

Notes
Turn   | Place    | Note
-------+----------+-------------------------------------------
     0 | D:1      | Brohito the Demonspawn Fire Elementalist began the quest
                  | for the Orb.
     0 | D:1      | Reached XP level 1. HP: 13/13 MP: 3/3
   392 | D:1      | Gained mutation: You have a pair of small antennae on your
                  | head. [demonic ancestry]
   392 | D:1      | Reached XP level 2. HP: 15/19 MP: 0/5
   806 | D:1      | Reached skill level 1 in Fighting
  1507 | D:1      | Gained mutation: You are immune to miasma. [demonic
                  | ancestry]
  1507 | D:1      | Reached XP level 3. HP: 26/26 MP: 3/6
  2735 | D:2      | Reached XP level 4. HP: 32/32 MP: 1/8
  3718 | D:2      | Gained mutation: When seriously injured, your bleeding
                  | wounds create armour. (AC +6) [demonic ancestry]
  3718 | D:2      | Reached XP level 5. HP: 24/38 MP: 10/10
  4455 | D:3      | Reached skill level 2 in Conjurations
  4926 | D:3      | Noticed Sigmund
  4969 | D:3      | Killed Sigmund
  4970 | D:3      | Reached skill level 3 in Conjurations
  4970 | D:3      | Gained mutation: You may emit foul miasma when damaged in
                  | melee. [demonic ancestry]
  4970 | D:3      | Reached XP level 6. HP: 46/46 MP: 3/13
  5483 | D:3      | Noticed Jessica
  5503 | D:3      | Killed Jessica
  5836 | D:4      | Found a staircase to the Ecumenical Temple.
  5852 | Temple   | Entered the Ecumenical Temple
  5858 | Temple   | Became a worshipper of Qazlal Stormbringer
  5869 | D:4      | Reached XP level 7. HP: 52/52 MP: 7/14
  5961 | D:4      | Reached skill level 5 in Spellcasting
  5985 | D:4      | Reached skill level 1 in Armour
  6084 | D:4      | Found a sparkling altar of Nemelex Xobeh.
  6101 | D:4      | Found a glowing drain.
  6204 | Sewer    | Entered a sewer
  6561 | Sewer    | Reached * piety under Qazlal
  7249 | D:5      | Entered Level 5 of the Dungeon
  7429 | D:5      | Got a warped hunting sling
  7441 | D:5      | Learned a level 3 spell: Conjure Flame
  7479 | D:5      | Reached skill level 1 in Short Blades
  7479 | D:5      | Reached skill level 4 in Conjurations
  7534 | D:5      | Gained mutation: When hurt, damage is shared between your
                  | health and your magic reserves. [demonic ancestry]
  7534 | D:5      | Reached XP level 8. HP: 60/60 MP: 10/16
  7857 | D:5      | Found a glowing golden altar of the Shining One.
  8380 | D:5      | Found a runed translucent gate.
  8380 | D:5      | Found a runed translucent gate.
  8380 | D:5      | Found an opulent altar of Gozag.
  8380 | D:5      | Noticed TheDeanity's ghost (novice TrFi)
  8380 | D:5      | Noticed a two-headed ogre
  8382 | D:5      | Found a runed translucent gate.
  8492 | D:6      | Noticed Eustachio
  8741 | D:5      | Reached skill level 5 in Conjurations
  9275 | D:6      | Learned a level 3 spell: Inner Flame
  9276 | D:6      | Noticed a two-headed ogre
  9280 | D:6      | Learned a level 4 spell: Sticky Flame
  9503 | D:6      | Noticed Blork the orc
  9518 | D:6      | Killed Blork the orc
  9519 | D:6      | Reached skill level 6 in Conjurations
  9557 | D:6      | Gained mutation: You have a pair of antennae on your head.
                  | [demonic ancestry]
  9557 | D:6      | Reached XP level 9. HP: 67/67 MP: 11/18
 10611 | D:6      | Killed Eustachio
 10612 | D:6      | Reached skill level 5 in Fire Magic
 10916 | D:6      | Found Nisu's Distillery.
 11038 | D:6      | Found a sparkling altar of Nemelex Xobeh.
 11780 | D:5      | Killed a two-headed ogre
 11781 | D:5      | Reached skill level 5 in Fighting
 11781 | D:5      | Reached skill level 7 in Conjurations
 11912 | D:6      | Bought a potion of lignification for 33 gold pieces
 11912 | D:6      | Bought a potion of curing for 33 gold pieces
 11912 | D:6      | Bought a potion of flight for 33 gold pieces
 13345 | D:7      | Found Moext's Armour Emporium.
 13374 | D:7      | Found a shadowy altar of Dithmenos.
 13384 | D:7      | Found a snail-covered altar of Cheibriados.
 13386 | D:7      | Found a hide-covered altar of Uskayaw.
 13387 | D:7      | Found a glowing silver altar of Zin.
 13505 | D:8      | Found a staircase to the Lair.
 13594 | D:8      | Noticed Pikel
 13627 | D:8      | Killed Pikel
 13628 | D:8      | Reached XP level 10. HP: 17/76 MP: 1/20
 13703 | D:8      | Reached ** piety under Qazlal
 13809 | D:8      | Noticed Maggie
 13810 | D:8      | Noticed Grum
 14372 | D:8      | HP: 2/76 [something (2)]
 14377 | D:8      | Reached skill level 8 in Conjurations
 14377 | D:8      | Mangled by Grum

Illustrated notes

Levels and vault maps discovered:
D:1:      psy_arrival_spokes, layout_loops_corners
D:2:      layout_loops_cross
D:3:      layout_loops_ring, guppyfry_early_orc_mine, uniq_sigmund, uniq_jessica
D:4:      layout_loops_ring, minmay_temple_entry_glass, portal_sewer_entry_c,
          nemelex_xobeh_ov_fountains_minmay
D:5:      layout_loops_ring, tso_metal_star, ebering_ghost_gozag
D:6:      layout_cave_pools, kennysheep_mini_moat, serial_shops,
          kennysheep_mini, uniq_blork_the_orc, uniq_eustachio
D:7:      layout_loops_ring, minitemple, serial_shops, nicolae_shop_behind_doors
D:8:      layout_rooms, lair_entry_dummy, uniq_pikel, uniq_maggie, uniq_grum
Temple:   eino_temple_rhombus

Skill      XL: |  1  2  3  4  5  6  7  8  9 10 |
---------------+-------------------------------+-----
Fire Magic     | 3 4 6 |  6.3
Fighting       | 1 2 3 4 5 6 |  6.0
Spellcasting   | 3 4 5 6 7 |  7.2
Conjurations   | 3 4 6 7 8 |  8.0
Armour         | 2 3 |  3.8
Short Blades   | 1 2 |  2.3
Dodging        | |  1.7
Stealth        | |  1.7

Action                   |  1- 3 |  4- 6 |  7- 9 | 10-12 || total
-------------------------+-------+-------+-------+-------++-------
Melee: Unarmed           |    34 |       |    20 |       ||    54
       Dagger            |    52 |    59 |   102 |       ||   213
       Rapier            |       |       |    55 |    15 ||    70
 Cast: Foxfire           |    54 |   109 |   243 |    26 ||   432
       Conjure Flame     |       |       |    12 |       ||    12
       Inner Flame       |       |       |     2 |       ||     2
Evoke: Wand              |       |       |       |     2 ||     2
  Use: Potion            |       |     1 |       |     7 ||     8
       Scroll            |       |       |     8 |     1 ||     9
 Stab: Sleeping          |     3 |     3 |       |       ||     6
Armor: Robe              |    21 |     7 |       |       ||    28
       Skin              |       |     2 |    11 |       ||    13
       Leather armour    |       |     1 |    95 |    24 ||   120
Dodge: Dodged            |    66 |    78 |   190 |    39 ||   373
Block: Other             |       |       |    17 |     5 ||    22
